 Dungeon Crawl Stone Soup version 0.20.0-3-g22ec75f (webtiles) character file.

248602 Minion the Executioner (level 19, -5/274 HPs)
             Began as a Minotaur Berserker on May 27, 2017.
             Was a High Priest of Trog.
             Slain by an entropy weaver (20 damage)
             ... on level 3 of the Vaults.
             The game lasted 01:50:31 (34591 turns).

Minion the Executioner (Minotaur Berserker)        Turns: 34591, Time: 01:50:32

Health: -5/274     AC:  3    Str: 36    XL:     19   Next: 25%
Magic:  20/20      EV: 21    Int:  7    God:    Trog [*****.]
Gold:   2402       SH:  4    Dex: 17    Spells: 18/18 levels left

rFire    + + .     SeeInvis +   a - +4 battleaxe (vamp)
rCold    + . .     Gourm    .   (shield currently unavailable)
rNeg     + . .     Faith    .   y - +0 plate armour of Kago {Str+2 Int+3}
rPois    .         Spirit   .   (helmet restricted)
rElec    .         Reflect  +   Q - scarf {rC+ rF+}
rCorr    .         Harm     .   v - +0 pair of gloves
MR       ++++.                  W - +1 pair of boots
Stlth    ..........             T - +4 amulet of reflection
Regen    1.6/turn               w - ring "Tuum" {rN+ MR+ Dex+4}
MPRegen  0.2/turn               O - ring of Incredulity {rF+ Dex+2 SInv}

@: berserking, corroded, regenerating, very quick
A: retaliatory headbutt, horns 2
}: 1/15 runes: decaying
a: Berserk, Trog's Hand, Brothers in Arms, Burn Spellbooks, Renounce Religion


You were on level 3 of the Vaults.
You worshipped Trog.
Trog was extremely pleased with you.
You were hungry.

You visited 5 branches of the dungeon, and saw 30 of its levels.
You visited 1 bazaar.

You collected 3628 gold pieces.
You spent 1226 gold pieces at shops.

Inventory:

Hand Weapons
 a - a +4 vampiric battleaxe (weapon)
 u - a +0 war axe of flaming
 B - a +5 antimagic executioner's axe
Armour
 v - a +0 pair of gloves (worn)
 y - the +0 plate armour of Kago (worn) {Str+2 Int+3}
   (You bought it in a shop on level 2 of the Orcish Mines)

   It affects your strength (+2).
   It affects your intelligence (+3).
 Q - a scarf of resistance (worn)
 W - a +1 pair of boots (worn)
Jewellery
 f - an uncursed ring of protection from magic {unknown}
 l - an uncursed ring of stealth {unknown}
 w - the ring "Tuum" (left hand) {rN+ MR+ Dex+4}
   (You found it on level 7 of the Dungeon)

   [ring of positive energy]

   It affects your dexterity (+4).
   It protects you from negative energy.
   It affects your resistance to hostile enchantments.
 O - the ring of Incredulity (right hand) {rF+ Dex+2 SInv}
   (You found it on level 2 of the Swamp)

   [ring of protection from fire]

   It affects your dexterity (+2).
   It protects you from fire.
   It lets you see invisible.
 R - the amulet of Kest {Regen+ Str-3 Dex+6}
   (You found it on level 6 of the Lair of Beasts)

   [amulet of regeneration]

   It affects your strength (-3).
   It affects your dexterity (+6).
   It increases your rate of regeneration.
 T - a +4 amulet of reflection (around neck)
Wands
 U - a wand of disintegration (17/24)
 X - a wand of digging (4/24)
Scrolls
 b - 3 scrolls of enchant weapon
 e - a scroll of recharging
 g - 8 scrolls of identify
 h - 11 scrolls of remove curse
 i - 3 scrolls of holy word
 k - 3 scrolls of blinking
 m - 6 scrolls of magic mapping
 o - 3 scrolls of immolation
 q - 4 scrolls of fear
 s - 11 scrolls of teleportation
 D - 3 scrolls of enchant armour
 G - a scroll of silence
 K - a scroll of brand weapon {unknown}
 M - a scroll of summoning {unknown}
 S - 2 scrolls of fog
Potions
 d - 12 potions of curing
 n - 4 potions of magic {unknown}
 p - 3 potions of agility
 t - 4 potions of ambrosia
 x - 2 potions of resistance
 A - 4 potions of flight {unknown}
 F - 5 potions of brilliance
 H - a potion of mutation {unknown}
 I - 3 potions of haste
 J - 3 potions of lignification {unknown}
 L - a potion of cancellation
 P - a potion of berserk rage {unknown}
 Y - 2 potions of might {unknown}
 Z - 2 potions of heal wounds
Comestibles
 c - 18 bread rations
 j - 20 fruits
 r - 17 chunks of flesh
 z - 14 meat rations
 C - a royal jelly


   Skills:
 + Level 19.4 Fighting
 + Level 21.0 Axes
 + Level 19.8 Armour
 + Level 18.3 Dodging
 - Level 3.1 Evocations


You had 18 spell levels left.
You didn't know any spells.

Dungeon Overview and Level Annotations

Branches:
Dungeon (15/15)            Temple (0/1) D:7            Lair (6/6) D:11
  Swamp (4/4) Lair:3        Snake (0/4) Lair:2        Slime (0/5) Lair:6
    Orc (2/2) D:10            Elf (0/3) Orc:2        Vaults (3/5) D:13
 Depths (0/5) D:15
  Crypt: Vaults:2-3

Altars:
Dithmenos
Elyvilon
Hepliaklqana
Nemelex Xobeh
Okawaru
Qazlal
Ru
Trog
Uskayaw
Yredelemnul
Zin
Beogh
Jiyva

Shops:
D:7 ?   Orc:2 ([::   Vaults:1 **!

Portals:
Trove: D:10 (give +5 fire dragon scales)

Annotations:
D:2 1 runed door


Innate Abilities, Weirdness & Mutations

You reflexively headbutt those who attack you in melee.
You have a pair of horns on your head.


Message History

You closely miss the entropy weaver.
Your headbutt misses the entropy weaver.
The entropy weaver is heavily wounded.
You hit the vault sentinel skeleton.
The entropy weaver completely misses you.
The entropy weaver misses you. You block the entropy weaver's attack.
The entropy weaver hits you.
* * * LOW HITPOINT WARNING * * *
You hit the entropy weaver. You headbutt the entropy weaver!
The entropy weaver is severely wounded.
You barely miss the vault sentinel skeleton.
The vault sentinel skeleton completely misses you.
You furiously retaliate!
You headbutt the vault sentinel skeleton!
You destroy the vault sentinel skeleton!
Trog accepts your kill.
You miss the entropy weaver.
The entropy weaver is severely wounded.
The entropy weaver hits you!!
You die...

.....(.#........#
.......#........#
.......#........#
.......#........#
.......#........#
...(...#........########
.......#........#......+
.#.#.#.#...(....#§o....#
.......#........@.p....#
########........#a.>...#
### #........#))....#
..# #........+......#
..# #........#......#
..# #.....)..+......#
..# #........#......#
..# #........#......#
..# #........########


You could see an entropy weaver, an orc knight and an ironbrand convoker.

Vanquished Creatures
  2 liches
  A thorn hunter (Swamp:3)
  A sphinx (Vaults:3)
  A storm dragon (Vaults:3)
  Kirke (Swamp:2)
  A fire giant (Vaults:3)
  2 orc warlords
  5 vault wardens
  2 frost giants (Vaults:3)
  9 ironheart preservers
  2 stone giants
  4 ettins
  A fire dragon (Vaults:3)
  Harold (Lair:3)
  6 ogre magi
  6 yaktaur captains
  2 great orbs of eyes
  16 vault guards
  3 ice dragons
  The ghost of EvilAshe the Carver, a journeyman HuFi of the Shining One (D:11)
  Erolcha (D:12)
  26 hydras
  2 catoblepae
  3 rakshasas (Vaults:2)
  12 two-headed ogres
  12 centaur warriors
  4 ghost crabs
  7 alligators
  4 death yaks (Lair:6)
  3 deep troll shamans
  A deep troll earth mage (Vaults:1)
  A tengu warrior (D:15)
  2 spriggan berserkers (Swamp:4)
  2 orc high priests (Orc:2)
  Nergalle (Lair:3)
  3 deep elf knights
  2 glowing orange brains
  3 unseen horrors
  A spriggan druid (Swamp:3)
  14 deep trolls
  10 swamp dragons (Swamp:4)
  A flayed ghost (Vaults:3)
  A swamp dragon (shapeshifter) (D:15)
  3 shambling mangroves
  9 orc knights
  3 wizards
  2 deep elf archers
  5 wolf spiders
  An orb spider (shapeshifter) (D:15)
  9 ironbrand convokers
  4 orc sorcerers (Orc:2)
  A necromancer (Vaults:3)
  A phantasmal warrior (Vaults:3)
  44 ugly things
  A salamander (shapeshifter) (Vaults:3)
  3 manticores
  5 cyclopes
  A faun (shapeshifter) (D:15)
  6 deep elf magi
  Maurice (D:10)
  5 black mambas
  10 elephants
  Joseph (D:8)
  5 centaur zombies
  8 vault sentinels
  3 gargoyles
  2 rime drakes (Lair:4)
  2 centaur skeletons (D:14)
  34 spiny frogs
  42 yaktaurs
  11 komodo dragons
  5 freezing wraiths
  5 kobold demonologists
  A troll (shapeshifter) (D:15)
  3 meliai (D:15)
  3 tengu conjurers (D:15)
  A polar bear (Lair:5)
  A hornet (shapeshifter) (D:14)
  7 trolls
  A wolf spider simulacrum (D:14)
  14 tyrant leeches
  A polar bear (shapeshifter) (Vaults:2)
  25 blink frogs
  A merfolk (D:12)
  9 bog bodies
  6 dream sheep (Lair:4)
  26 slime creatures
  19 hornets
  17 hippogriffs
  A wraith (Vaults:1)
  A redback (shapeshifter) (D:15)
  22 spriggans
  5 shadows
  2 wyverns
  2 golden eyes (shapeshifter)
  44 yaks
  A hungry ghost (D:14)
  6 hogs (Swamp:2)
  2 basilisks
  A steam dragon (D:7)
  25 vampire mosquitoes
  20 insubstantial wisps
  27 swamp worms
  4 wargs
  18 water moccasins
  2 acid dragons (D:15)
  3 sky beasts
  15 swamp drakes
  9 porcupines
  A black bear (D:9)
  A human zombie (Vaults:3)
  40 orc warriors
  A sky beast (shapeshifter) (Vaults:1)
  An ice beast (D:8)
  3 phantoms
  2 eyes of draining (D:15)
  A necrophage (D:9)
  A tengu (shapeshifter) (Vaults:2)
  14 ogres
  13 boggarts
  9 wolves
  33 centaurs
  21 crocodiles
  7 big kobolds
  31 bullfrogs
  A gnoll sergeant (D:7)
  A glowing shapeshifter simulacrum (Vaults:3)
  A human skeleton (Vaults:3)
  7 scorpions
  4 killer bees (D:10)
  7 wights
  3 electric eels
  6 howler monkeys
  6 crimson imps
  2 bullfrog zombies
  11 hounds
  31 orc wizards
  2 quasits
  33 orc priests
  5 bullfrog skeletons
  Jessica (D:2)
  5 iguanas
  11 worker ants
  Robin (D:2)
  13 gnolls
  A howler monkey skeleton (D:5)
  19 adders
  5 shadow imps
  An ooze (D:7)
  3 adder skeletons
  2 worms
  2 dart slugs
  4 leopard geckos
  134 orcs
  7 bats
  9 giant cockroaches
  11 goblins
  10 hobgoblins
  23 jackals
  7 quokkas
  7 frilled lizards
  A jackal skeleton (D:4)
  24 kobolds
  11 rats
  3 fungi
  3 plants (Lair:6)
1377 creatures vanquished.

Vanquished Creatures (collateral kills)
  A fire dragon (Vaults:3)
  A hydra (Swamp:3)
  A phantasmal warrior (Vaults:3)
  An elephant (Lair:4)
  2 orc warriors (Orc:2)
6 creatures vanquished.

Vanquished Creatures (others)
  A hornet (Lair:3)
  A boggart (Vaults:3)
  A briar patch (Swamp:3)
  5 fungi
  30 plants
  9 toadstools (Swamp:3)
47 creatures vanquished.

Grand Total: 1430 creatures vanquished

Notes
Turn   | Place    | Note
-------+----------+-------------------------------------------
     0 | D:1      | Minion the Minotaur Berserker began the quest for the Orb.
     0 | D:1      | Reached XP level 1. HP: 19/19 MP: 0/0
    34 | D:1      | Reached skill level 4 in Axes
    87 | D:1      | Reached XP level 2. HP: 26/26 MP: 1/1
   366 | D:1      | Reached skill level 5 in Axes
   375 | D:1      | Reached ** piety under Trog
   424 | D:1      | Reached XP level 3. HP: 26/31 MP: 2/2
  1036 | D:2      | Found a glowing silver altar of Zin.
  1069 | D:2      | Reached skill level 6 in Axes
  1069 | D:2      | Reached XP level 4. HP: 31/39 MP: 3/3
  1284 | D:2      | Noticed Jessica
  1292 | D:2      | Killed Jessica
  1456 | D:2      | Noticed Robin
  1459 | D:2      | Reached XP level 5. HP: 45/45 MP: 4/4
  1465 | D:2      | Killed Robin
  1465 | D:2      | Reached skill level 7 in Axes
  1715 | D:2      | Reached *** piety under Trog
  1746 | D:2      | Found a runed door.
  2365 | D:3      | Reached skill level 8 in Axes
  2369 | D:3      | Reached XP level 6. HP: 52/52 MP: 5/5
  3176 | D:4      | Reached **** piety under Trog
  3211 | D:4      | Reached XP level 7. HP: 38/60 MP: 6/6
  3487 | D:4      | Noticed a hippogriff
  3499 | D:4      | Killed a hippogriff
  3499 | D:4      | Reached skill level 5 in Fighting
  3657 | D:5      | Entered Level 5 of the Dungeon
  3985 | D:5      | Found a sacrificial altar of Ru.
  3985 | D:5      | Found a white marble altar of Elyvilon.
  3985 | D:5      | Found a bloodstained altar of Trog.
  3985 | D:5      | Found a shadowy altar of Dithmenos.
  3994 | D:5      | Reached skill level 9 in Axes
  3996 | D:5      | Reached skill level 5 in Armour
  3996 | D:5      | Reached XP level 8. HP: 70/70 MP: 7/7
  4152 | D:5      | Reached skill level 5 in Dodging
  4634 | D:7      | Got a heavily runed lead ring
  4637 | D:7      | Identified the ring "Tuum" {rN+ MR+ Dex+4} (You found it on level 7 of the Dungeon)
  4819 | D:7      | Reached skill level 10 in Axes
  4819 | D:7      | Reached XP level 9. HP: 39/79 MP: 8/8
  4915 | D:7      | Found a staircase to the Ecumenical Temple.
  5243 | D:7      | Received a gift from Trog
  5361 | D:7      | Found Tuce Dit's Magic Scroll Shop.
  5717 | D:8      | Noticed Joseph
  5730 | D:8      | Killed Joseph
  6202 | D:8      | Noticed a two-headed ogre
  6202 | D:8      | Reached ***** piety under Trog
  6211 | D:8      | Noticed a two-headed ogre
  6213 | D:8      | Killed a two-headed ogre
  6213 | D:8      | Reached skill level 11 in Axes
  6217 | D:8      | Reached XP level 10. HP: 57/90 MP: 9/9
  6224 | D:8      | Killed a two-headed ogre
  6500 | D:8      | Got a warped scale mail
  6511 | D:8      | Identified the +1 scale mail "Siggo" {rC+} (You took it off a gnoll on level 8 of the Dungeon)
  7001 | D:9      | Found a basalt altar of Yredelemnul.
  7002 | D:9      | Found a hazy altar of Hepliaklqana.
  7002 | D:9      | Found a hide-covered altar of Uskayaw.
  7003 | D:9      | Found a stormy altar of Qazlal.
  7003 | D:9      | Found an iron altar of Okawaru.
  7010 | D:9      | Reached skill level 1 in Evocations
  7012 | D:9      | Found a sparkling altar of Nemelex Xobeh.
  7389 | D:9      | Received a gift from Trog
  7762 | D:10     | Entered Level 10 of the Dungeon
  7770 | D:10     | Noticed Maurice
  8062 | D:10     | Killed Maurice
  8109 | D:10     | Found a portal to a secret trove of treasure.
  8180 | D:10     | Found a staircase to the Orcish Mines.
  8257 | D:10     | Noticed a two-headed ogre
  8297 | D:10     | Reached skill level 12 in Axes
  8698 | D:10     | Reached XP level 11. HP: 87/96 MP: 10/12
  8702 | D:10     | Reached skill level 10 in Armour
  8707 | D:10     | Noticed a two-headed ogre
  8712 | D:10     | Killed a two-headed ogre
  9041 | D:11     | Found a staircase to the Lair.
  9171 | D:11     | Got a crude hand axe
  9172 | D:11     | Identified the +1 hand axe of the Vaults {flame, +Fly} (You found it on level 11 of the Dungeon)
  9264 | D:11     | Found a flickering gateway to a bazaar.
  9270 | Bazaar   | Entered a bazaar
  9288 | Bazaar   | Found Meps's Assorted Antiques.
  9301 | Bazaar   | Found Niel's Distillery.
  9301 | Bazaar   | Found Livil's Book Shop.
  9327 | Bazaar   | Found Pirelia's Weapon Shop.
  9377 | Bazaar   | Bought a potion of curing for 30 gold pieces
  9377 | Bazaar   | Bought a potion of cancellation for 80 gold pieces
  9525 | D:11     | Noticed EvilAshe's ghost (journeyman HuFi)
  9534 | D:11     | Killed EvilAshe's ghost
  9534 | D:11     | Reached skill level 10 in Fighting
  9539 | D:11     | Noticed a red ugly thing
  9554 | D:11     | Killed a red ugly thing
  9554 | D:11     | Received a gift from Trog
  9659 | D:11     | Reached skill level 10 in Dodging
  9678 | D:11     | Reached skill level 13 in Axes
  9949 | Lair:1   | Entered Level 1 of the Lair of Beasts
 10015 | Lair:1   | Noticed a seven-headed hydra
 10020 | Lair:1   | Killed a five-headed hydra
 10746 | Lair:2   | Noticed a six-headed hydra
 10756 | Lair:2   | Killed a three-headed hydra
 10756 | Lair:2   | Reached XP level 12. HP: 89/107 MP: 1/13
 11001 | Lair:2   | Found a staircase to the Snake Pit.
 11056 | Lair:2   | Got a glittering marble ring
 11790 | Lair:3   | Noticed Harold
 11812 | Lair:3   | Killed Harold
 11977 | Lair:3   | Noticed Nergalle
 11987 | Lair:3   | Killed Nergalle
 12076 | Lair:3   | Found a labyrinth entrance.
 12180 | Lair:3   | Reached skill level 14 in Axes
 12295 | Lair:3   | Found a staircase to the Swamp.
 12691 | Lair:3   | Identified the cursed ring of Xuthriwn {rF- rC++ AC-3} (You found it on level 2 of the Lair of Beasts)
 12855 | Lair:3   | Noticed a catoblepas
 12891 | Lair:3   | Reached XP level 13. HP: 86/117 MP: 3/14
 13795 | Lair:4   | Reached skill level 15 in Axes
 13891 | Lair:4   | Received a gift from Trog
 15563 | Lair:6   | Entered Level 6 of the Lair of Beasts
 15881 | Lair:6   | Reached XP level 14. HP: 87/129 MP: 5/15
 16854 | Lair:6   | Reached skill level 16 in Axes
 16855 | Lair:6   | Received a gift from Trog
 17271 | Lair:6   | Found a viscous altar of Jiyva.
 17271 | Lair:6   | Found a staircase to the Slime Pits.
 17842 | Lair:6   | Got a translucent iron amulet
 17846 | Lair:6   | Identified the amulet of Kest {Regen+ Str-3 Dex+6} (You found it on level 6 of the Lair of Beasts)
 18363 | Orc:1    | Entered Level 1 of the Orcish Mines
 18523 | Orc:1    | Noticed an orc warlord
 18532 | Orc:1    | Killed an orc warlord
 18708 | Orc:2    | Entered Level 2 of the Orcish Mines
 18769 | Orc:2    | Found a staircase to the Elven Halls.
 19001 | Orc:2    | Found a roughly hewn altar of Beogh.
 19012 | Orc:2    | Reached skill level 15 in Armour
 19071 | Orc:2    | Found a roughly hewn altar of Beogh.
 19136 | Orc:2    | Found a roughly hewn altar of Beogh.
 19137 | Orc:2    | Found Qatogurr's Book Boutique.
 19186 | Orc:2    | Received a gift from Trog
 19407 | Orc:2    | Found a roughly hewn altar of Beogh.
 19466 | Orc:2    | Found a roughly hewn altar of Beogh.
 19467 | Orc:2    | Found Wohocl Kedo's Book Shoppe.
 19612 | Orc:2    | Found a roughly hewn altar of Beogh.
 19809 | Orc:2    | Found Iboaped's Antique Armour Shoppe.
 19809 | Orc:2    | Noticed an orc warlord
 19818 | Orc:2    | Found a roughly hewn altar of Beogh.
 19831 | Orc:2    | Killed an orc warlord
 19869 | Orc:2    | Found Ixorag's Antique Weapon Emporium.
 19893 | Orc:2    | Bought an ancient plate armour for 616 gold pieces
 19903 | Orc:2    | Identified the cursed +0 plate armour of Kago {Str+2 Int+3} (You bought it in a shop on level 2 of the Orcish Mines)
 20026 | Orc:1    | Received a gift from Trog
 20037 | Orc:1    | Reached XP level 15. HP: 133/138 MP: 16/16
 20273 | D:12     | Noticed Erolcha
 20286 | D:12     | Killed Erolcha
 20529 | D:12     | Reached skill level 15 in Fighting
 20805 | D:12     | Reached skill level 17 in Axes
 21074 | D:13     | Received a gift from Trog
 21219 | D:13     | Found a gate to the Vaults.
 21392 | D:13     | Found a roughly hewn altar of Beogh.
 21811 | D:14     | Identified 3 scrolls of acquirement
 21844 | D:14     | Got an ichor-stained plate armour
 21855 | D:14     | Identified the +0 plate armour "Zinytz" {Int+4} (You acquired it on level 14 of the Dungeon)
 21994 | D:14     | Received a gift from Trog
 22777 | D:15     | Entered Level 15 of the Dungeon
 22822 | D:15     | Reached skill level 15 in Dodging
 22920 | D:15     | Found an iron altar of Okawaru.
 22970 | D:15     | Received a gift from Trog
 23140 | D:15     | Reached XP level 16. HP: 116/150 MP: 1/17
 23888 | D:15     | Reached skill level 18 in Axes
 23894 | D:15     | Found a staircase to the Depths.
 24185 | Swamp:1  | Entered Level 1 of the Swamp
 24310 | Swamp:1  | You fall through a shaft!
 24580 | Swamp:2  | Got a wavering marble ring
 24653 | Swamp:2  | Paralysed by a hornet for 1 turns
 24657 | Swamp:2  | Paralysed by a hornet for 1 turns
 24784 | Swamp:2  | Noticed Kirke
 24789 | Swamp:2  | Reached ****** piety under Trog
 24809 | Swamp:2  | Killed Kirke
 25197 | Swamp:1  | Identified the ring of Incredulity {rF+ Dex+2 SInv} (You found it on level 2 of the Swamp)
 25334 | Swamp:1  | Paralysed by a hornet for 1 turns
 26149 | Swamp:3  | Noticed a thorn hunter
 26177 | Swamp:3  | Killed a thorn hunter
 26316 | Swamp:3  | Received a gift from Trog
 27077 | Swamp:4  | Entered Level 4 of the Swamp
 27392 | Swamp:4  | HP: 5/154 [eight-headed hydra (4)]
 27530 | Swamp:3  | Reached XP level 17. HP: 79/161 MP: 18/18
 28155 | Swamp:4  | Received a gift from Trog
 28158 | Swamp:4  | Reached skill level 19 in Axes
 29683 | Swamp:4  | Got a decaying rune of Zot
 29965 | Vaults:1 | Entered Level 1 of the Vaults
 30168 | Vaults:1 | Received a gift from Trog
 30292 | Vaults:1 | Found Haonea's Distillery.
 30300 | Vaults:1 | Found Betusmuog's Assorted Antiques.
 30347 | Vaults:1 | Bought a potion of curing for 45 gold pieces
 30347 | Vaults:1 | Bought a potion of heal wounds for 75 gold pieces
 30347 | Vaults:1 | Bought a potion of haste for 150 gold pieces
 30347 | Vaults:1 | Bought a potion of resistance for 150 gold pieces
 30573 | Vaults:1 | Bought a potion of heal wounds for 80 gold pieces
 30724 | Vaults:1 | Found Hiyn Bedubb's Assorted Antiques.
 31391 | Vaults:2 | Received a gift from Trog
 31391 | Vaults:2 | Reached XP level 18. HP: 172/172 MP: 19/19
 31580 | Vaults:2 | Paralysed by a hornet for 1 turns
 31709 | Vaults:2 | Reached skill level 20 in Axes
 32484 | Vaults:2 | Received a gift from Trog
 33018 | Vaults:2 | Received a gift from Trog
 33209 | Vaults:2 | Noticed a lich
 33220 | Vaults:2 | Killed a lich
 34051 | Vaults:3 | Noticed a lich
 34069 | Vaults:3 | Received a gift from Trog
 34074 | Vaults:3 | Killed a lich
 34316 | Vaults:3 | Reached XP level 19. HP: 183/183 MP: 20/20
 34377 | Vaults:3 | Reached skill level 21 in Axes
 34589 | Vaults:3 | HP: 13/274 [entropy weaver (6)]
 34591 | Vaults:3 | Slain by an entropy weaver

Skill      XL: |  1  2  3  4  5  6  7  8  9 10 11 12 13 14 15 16 17 18 19 |
---------------+----------------------------------------------------------+-----
Axes           | 4 5 6 8 9 10 11 12 13 14 15 16 17 18 19 20 21 | 21.0
Armour         | 3 5 6 8 9 11 12 14 15 16 17 18 19 | 19.8
Fighting       | 4 5 7 8 9 10 12 13 14 16 17 18 19 | 19.4
Dodging        | 3 4 5 7 9 10 11 12 14 15 16 17 18 | 18.3
Evocations     | 3 |  3.1

Action                   |  1- 3 |  4- 6 |  7- 9 | 10-12 | 13-15 | 16-18 | 19-21 || total
-------------------------+-------+-------+-------+-------+-------+-------+-------++-------
Melee: Hand axe          |    66 |   190 |    81 |       |       |       |       ||   337
       Headbutt          |     8 |    36 |    48 |   111 |   340 |   483 |    28 ||  1054
       War axe           |       |       |   146 |   254 |    64 |       |       ||   464
       Battleaxe         |       |       |       |   243 |  1135 |  1386 |    81 ||  2845
Invok: Berserk           |     1 |     1 |     7 |     8 |     9 |    13 |     1 ||    40
       Trog's Hand       |       |       |     1 |     8 |     8 |    20 |     2 ||    39
       Brothers in Arms  |       |       |       |       |     4 |     3 |       ||     7
  Use: Scroll            |       |       |    10 |     2 |    19 |     4 |       ||    35
       Potion            |       |       |       |       |       |     5 |       ||     5
 Stab: Petrified         |       |       |       |     2 |     1 |       |       ||     3
       Confused          |       |       |       |       |     1 |     1 |       ||     2
       Distracted        |       |       |       |       |       |     1 |       ||     1
  Eat: Chunk             |       |     8 |    13 |    24 |    42 |    32 |       ||   119
       Bread ration      |       |       |     1 |       |       |     6 |       ||     7
       Royal jelly       |       |       |       |     4 |     3 |       |       ||     7
       Meat ration       |       |       |       |       |     1 |       |       ||     1
       Fruit             |       |       |       |       |       |     1 |       ||     1
Armor: Ring mail         |    23 |    52 |    50 |     7 |       |       |       ||   132
       Scale mail        |       |       |       |   155 |   188 |       |       ||   343
       Plate armour      |       |       |       |       |   225 |   740 |    31 ||   996
Dodge: Dodged            |    39 |   119 |   149 |   385 |   828 |  1380 |    59 ||  2959
Block: Other             |       |       |       |       |       |   190 |    12 ||   202
       Reflection        |       |       |       |       |       |    11 |     1 ||    12
